 Dungeon Crawl Stone Soup version 0.24-a0-698-g60d090ba07 (webtiles) character file.

Game seed: 9496919823206298027, levelgen mode: classic

23783 Ereth the Grappler (level 12, -30/111 HPs)
             Began as a Troll Fighter on June 28, 2019.
             Was a High Priest of Okawaru.
             Killed from afar by Azrael (31 damage)
             ... with a bolt of fire
             ... on level 12 of the Dungeon on Nov 22, 2019.
             The game lasted 00:33:51 (10427 turns).

Ereth the Grappler (Troll Fighter)                 Turns: 10427, Time: 00:33:52

Health: -30/111    AC: 15    Str: 31    XL:     12   Next: 74%
Magic:  12/12      EV: 11    Int:  4    God:    Okawaru [*****.]
Gold:   766        SH: 20    Dex: 13    Spells: 11/11 levels left

rFire    . . .     SeeInvis .   M - +4 demon whip (flame)
rCold    . . .     Gourm    +   h - +1 large shield
rNeg     . . .     Faith    .   U - quicksilver dragon scales
rPois    .         Spirit   .   (helmet restricted)
rElec    .         Reflect  .   P - +1 cloak
rCorr    +         Harm     .   (gloves unavailable)
MR       +....                  (boots unavailable)
Stlth    +.........             F - amulet of rage
HPRegen  0.68/turn              N - ring of resist corrosion
MPRegen  0.13/turn              v - +4 ring of dexterity

@: no status effects
A: large, unfitting armour, claws 3, fast metabolism 3, gourmand, regeneration
1, shaggy fur 1, tough skin 3
a: Heroism, Finesse, Renounce Religion, Evoke Berserk Rage


You were on level 12 of the Dungeon.
You worshipped Okawaru.
Okawaru was extremely pleased with you.
You were completely stuffed.

You visited 2 branches of the dungeon, and saw 15 of its levels.
You also visited: Sewer.

You collected 766 gold pieces.

Inventory:

Hand Weapons
 E - a +0 dagger of venom
 M - a +4 demon whip of flaming (weapon)
Missiles
 w - 12 boomerangs (quivered)
Armour
 g - a scarf of resistance
 h - a +1 large shield (worn)
 P - a +1 cloak (worn)
 S - +0 acid dragon scales
 U - quicksilver dragon scales (worn)
Jewellery
 p - a +6 ring of protection
 s - an uncursed ring of wizardry
 v - a +4 ring of dexterity (right claw)
 F - an amulet of rage (around neck)
 K - an uncursed amulet of faith
 N - a ring of resist corrosion (left claw)
Wands
 l - a wand of polymorph (5)
 q - a wand of paralysis (19)
 x - a wand of enslavement (16)
 A - a wand of scattershot (9)
 B - a wand of acid (15)
 J - a wand of random effects (28)
 L - a wand of flame (35)
Scrolls
 a - a scroll of random uselessness {unknown}
 e - a scroll of blinking
 f - 9 scrolls of remove curse
 i - a scroll of immolation {unknown}
 j - 5 scrolls of teleportation
 n - 3 scrolls of magic mapping
 o - 3 scrolls of amnesia
 D - 2 scrolls of fog
 H - a scroll of enchant weapon
 O - 4 scrolls of identify
 Q - a scroll of summoning
Potions
 c - a potion of might
 k - 5 potions of mutation
 m - a potion of flight
 r - 2 potions of degeneration
 t - 2 potions of brilliance
 u - 4 potions of heal wounds
 z - 4 potions of curing
 C - 3 potions of haste
 G - a potion of lignification
 I - a potion of agility {unknown}
 R - a potion of cancellation {unknown}
 T - a potion of berserk rage {unknown}
Comestibles
 b - 11 chunks of flesh
 d - 38 rations


   Skills:
 + Level 5.0 Fighting
 + Level 8.2 Maces & Flails
 + Level 1.7 Throwing
 + Level 1.8 Armour
 + Level 7.4 Dodging
 + Level 2.2 Stealth
 + Level 9.0 Shields
 + Level 12.4 Unarmed Combat
 + Level 2.5 Invocations
 + Level 0.2 Evocations


You had 11 spell levels left.
You didn't know any spells.
Your spell library contained the following spells:

 Spells                   Type           Power        Failure   Level  Hunger
 Animate Skeleton         Necr           N/A          96%         1    ##.....
 Apportation              Tloc           #.....       96%         1    ##.....
 Confusing Touch          Hex            #.....       96%         1    ##.....
 Summon Small Mammal      Summ           #...         96%         1    ##.....


Dungeon Overview and Level Annotations

Branches:
Dungeon (14/15)            Temple (1/1) D:5            Lair (0/6) D:10
    Orc (0/2) D:12
 Vaults: D:13-14

Altars:
Ashenzari
Cheibriados
Dithmenos
Elyvilon
Fedhas
Gozag
Hepliaklqana
Kikubaaqudgha
Makhleb
Nemelex Xobeh
Okawaru
Qazlal
Ru
Sif Muna
Trog
Uskayaw
Vehumet
Wu Jian
Xom
Yredelemnul
Zin
The Shining One

Shops:
D:11 %

Annotations:
D:3 1 transporter, zkyp's ghost, amateur GrAr
D:6 Edmund; Prince Ribbit
D:12 Azrael


Innate Abilities, Weirdness & Mutations

You are too large for most types of armour.
You have claws for hands.
Your metabolism is lightning-fast.
You like to eat raw meat.
Your natural rate of healing is unusually fast.
You are covered in fur. (AC +1)
You have extremely tough skin. (AC +3)


Message History

The hell hound breathes flames at you. The blast of flame misses you.
You block the fire elemental's attack.
You open the door.
You feel like a meek peon again. You block the fire elemental's attack.
The hell hound breathes flames at you.
The blast of flame hits the hell hound.
The hell hound completely resists.
The blast of flame hits the fire elemental.
The fire elemental completely resists.
The blast of flame hits you!
* * * LOW HITPOINT WARNING * * *
You block the fire elemental's attack.
Unknown command.
Unknown command.
Unknown command.
You closely miss the fire elemental. Azrael gestures at you.
The bolt of fire misses the hell hound.
The bolt of fire hits the fire elemental.
The fire elemental completely resists.
The bolt of fire hits you!!
You die...

##...### ....... ##......#
....... ##.......# .......
## #........# ....... .^
#........########....... ##
#...........÷...........
####..........÷............
#..........#'#÷.#####......
#..........#@#.)# .....
#..........#E#..# ....
#.......h..#h#..#.. ...
##........○○°oo...... ..
#......°.°.RRo....... .
#.....?##+#..........
#....h○# ...........
#....°.# ............
#.....°#.............


You could see Azrael, a fire elemental, 2 orc warriors, a hell hound and an orc
priest.

Vanquished Creatures
  Erolcha (D:13)
  Harold (D:11)
  A centaur warrior (D:14)
  A two-headed ogre (D:9)
  Nergalle (D:12)
  An unseen horror (D:10)
  14 ugly things
  A troll (D:14)
  A meliai zombie (D:14)
  A slime creature (D:13)
  A hippogriff (D:11)
  Sigmund (D:6)
  25 yaks
  2 humans (D:9)
  3 fire elementals (D:12)
  Grum (D:11)
  5 hungry ghosts
  An acid dragon (D:11)
  2 water moccasins (D:10)
  Duvessa (D:6)
  4 orc warriors
  3 black bears
  2 ice beasts (D:10)
  4 phantoms
  A necrophage (D:7)
  2 wolves (D:11)
  4 ogres
  8 centaurs
  16 big kobolds
  A gnoll sergeant (D:4)
  7 bullfrogs
  Dowan (D:6)
  A water moccasin zombie (D:10)
  4 scorpions
  24 killer bees
  7 wights
  2 howler monkeys (D:8)
  2 quasits
  4 crimson imps
  8 hounds
  2 jellies
  5 orc priests
  4 bullfrog skeletons
  A gnoll shaman (D:9)
  4 centaur skeletons
  Ijyb (D:3)
  3 iguanas
  10 orc wizards
  9 worker ants
  A hound zombie (D:10)
  8 gnolls
  12 adders
  A howler monkey skeleton (D:6)
  A river rat (D:5)
  3 shadow imps
  A white imp (D:9)
  3 oozes (Sewer)
  2 adder skeletons
  7 worms
  6 leopard geckos
  31 orcs
  4 ball pythons
  5 giant cockroaches
  4 hobgoblins
  12 jackals
  4 quokkas
  A ball python skeleton (D:6)
  4 bats
  4 frilled lizards
  7 goblins
  A goblin skeleton (D:9)
  2 goblin zombies (D:9)
  2 hobgoblin zombies (D:9)
  22 kobolds
  A kobold zombie (D:9)
  2 orc skeletons (D:9)
  A quokka zombie (D:7)
  10 rats
371 creatures vanquished.

Notes
Turn   | Place    | Note
-------+----------+-------------------------------------------
     0 | D:1      | Ereth the Troll Fighter began the quest for the Orb.
     0 | D:1      | Reached XP level 1. HP: 22/22 MP: 0/0
   189 | D:1      | Reached XP level 2. HP: 28/29 MP: 1/1
   661 | D:2      | Reached XP level 3. HP: 36/36 MP: 2/2
  1606 | D:3      | Reached XP level 4. HP: 44/44 MP: 3/3
  1637 | D:3      | Noticed Ijyb
  1644 | D:3      | Paralysed by Ijyb for 5 turns
  1651 | D:3      | Killed Ijyb
  1651 | D:3      | Reached skill level 3 in Unarmed Combat
  1662 | D:3      | Found a transporter.
  1699 | D:3      | Upgraded the game from 0.24-a0-459-g225fefd530 to
                  | 0.24-a0-479-g9a978d2894
  1784 | D:3      | Noticed zkyp's ghost (amateur GrAr)
  1798 | D:3      | Noticed an ogre
  1909 | D:3      | Reached XP level 5. HP: 52/52 MP: 4/4
  2198 | D:4      | Noticed a phantom
  2223 | D:4      | Killed a phantom
  2223 | D:4      | Reached skill level 4 in Unarmed Combat
  2223 | D:4      | Reached XP level 6. HP: 59/59 MP: 5/5
  2379 | D:4      | Reached skill level 5 in Unarmed Combat
  2482 | D:4      | Reached XP level 7. HP: 65/66 MP: 6/6
  2578 | D:4      | Found a glowing silver altar of Zin.
  2662 | D:4      | Found a basalt altar of Yredelemnul.
  2952 | D:5      | Entered Level 5 of the Dungeon
  2974 | D:5      | Found a staircase to the Ecumenical Temple.
  2981 | Temple   | Entered the Ecumenical Temple
  3056 | Temple   | Became a worshipper of Warmaster Okawaru
  3194 | D:5      | Reached skill level 6 in Unarmed Combat
  3565 | D:5      | Found a glowing drain.
  3577 | Sewer    | Entered a sewer
  3801 | Sewer    | Reached * piety under Okawaru
  3801 | Sewer    | Reached skill level 7 in Unarmed Combat
  3801 | Sewer    | Reached XP level 8. HP: 72/75 MP: 7/7
  4019 | Sewer    | Reached skill level 8 in Unarmed Combat
  4088 | Sewer    | Reached ** piety under Okawaru
  4205 | D:6      | Noticed Dowan
  4206 | D:6      | Noticed Duvessa
  4215 | D:6      | Killed Duvessa
  4215 | D:6      | Reached skill level 5 in Shields
  4217 | D:6      | Killed Dowan
  4295 | D:6      | Noticed Sigmund
  4302 | D:6      | Killed Sigmund
  4302 | D:6      | Reached skill level 9 in Unarmed Combat
  4302 | D:6      | Reached XP level 9. HP: 73/81 MP: 8/8
  4362 | D:6      | Noticed Edmund
  4619 | D:6      | Found a sparkling altar of Nemelex Xobeh.
  4653 | D:6      | Noticed Prince Ribbit
  4691 | D:6      | Reached *** piety under Okawaru
  5111 | D:6      | Found a deep blue altar of Sif Muna.
  5214 | D:7      | Reached skill level 10 in Unarmed Combat
  5274 | D:7      | Reached skill level 5 in Dodging
  5666 | D:7      | Reached skill level 1 in Throwing
  5815 | D:7      | Found a sacrificial altar of Ru.
  5912 | D:8      | Found a radiant altar of Vehumet.
  5921 | D:8      | Reached **** piety under Okawaru
  6033 | D:8      | Reached XP level 10. HP: 61/91 MP: 9/9
  6308 | D:8      | Found an ancient bone altar of Kikubaaqudgha.
  6457 | D:8      | Reached skill level 1 in Stealth
  6615 | D:9      | Reached skill level 11 in Unarmed Combat
  6746 | D:9      | Noticed a two-headed ogre
  6754 | D:9      | Killed a two-headed ogre
  6754 | D:9      | Reached ***** piety under Okawaru
  6788 | D:9      | Found a blossoming altar of Fedhas.
  6882 | D:9      | Found a flagged portal.
  6893 | D:9      | Found a glowing golden altar of the Shining One.
  7054 | D:9      | Reached skill level 12 in Unarmed Combat
  7140 | D:9      | Found an iron altar of Okawaru.
  7490 | D:10     | Entered Level 10 of the Dungeon
  7545 | D:10     | Reached XP level 11. HP: 84/97 MP: 8/10
  7572 | D:10     | Reached skill level 1 in Invocations
  7598 | D:10     | Received a gift from Okawaru
  7823 | D:10     | Killed an unseen horror
  7823 | D:10     | Reached skill level 1 in Maces & Flails
  8224 | D:10     | Found a staircase to the Lair.
  8436 | D:11     | Noticed a brown ugly thing
  8459 | D:11     | Killed a brown ugly thing
  8630 | D:11     | You fall into a shaft and drop 3 floors!
  8630 | D:14     | Noticed a brown ugly thing
  8630 | D:14     | Noticed a brown ugly thing
  8631 | D:14     | Noticed a brown ugly thing
  8640 | D:14     | Noticed a brown ugly thing
  8641 | D:14     | Noticed a brown ugly thing
  8652 | D:14     | Noticed a brown ugly thing
  8658 | D:14     | Killed a purple ugly thing
  8658 | D:14     | Received a gift from Okawaru
  8673 | D:14     | Killed a green ugly thing
  8685 | D:14     | Killed a purple ugly thing
  8693 | D:14     | Killed a brown ugly thing
  8695 | D:14     | Killed a brown ugly thing
  8695 | D:14     | Reached skill level 5 in Maces & Flails
  8715 | D:14     | Killed a red ugly thing
  8849 | D:14     | Noticed a white ugly thing
  8851 | D:14     | Noticed a centaur warrior
  8851 | D:14     | Noticed a white ugly thing
  8851 | D:14     | Noticed a white ugly thing
  8857 | D:14     | Noticed a white ugly thing
  8861 | D:14     | Noticed a white ugly thing
  8872 | D:14     | Killed a white ugly thing
  8872 | D:14     | Reached XP level 12. HP: 63/109 MP: 4/12
  8879 | D:14     | Killed a centaur warrior
  9009 | D:13     | Noticed Erolcha
  9018 | D:13     | Killed Erolcha
  9082 | D:13     | Noticed a tengu warrior
  9179 | D:12     | Noticed Nergalle
  9188 | D:12     | Killed Nergalle
  9249 | D:12     | Reached skill level 1 in Armour
  9284 | D:11     | Received a gift from Okawaru
  9472 | D:11     | Noticed Grum
  9478 | D:11     | Killed Grum
  9497 | D:11     | Found Lucs's Food Shoppe.
  9497 | D:11     | Noticed Harold
  9517 | D:11     | Killed Harold
 10388 | D:12     | Found a staircase to the Orcish Mines.
 10399 | D:12     | Reached skill level 5 in Fighting
 10401 | D:12     | Noticed Azrael
 10420 | D:12     | Upgraded the game from 0.24-a0-479-g9a978d2894 to
                  | 0.24-a0-698-g60d090ba07
 10426 | D:12     | HP: 1/111 [hell hound/blast of flame[Azrael] (16)]
 10427 | D:12     | Killed from afar by Azrael

Levels and vault maps discovered:
D:1:      psy_arrival_conway, layout_loops_cross
D:2:      layout_basic
D:3:      layout_basic, first_ration, gammafunk_ghost_smash, uniq_ijyb
D:4:      layout_basic, yredelemnul_altar_generic, zin_statuary,
          grunt_decor_cap, lightli_minifort
D:5:      layout_rooms, minmay_temple_entry_drinking_statues,
          gup_sewer_entry_bubbles
D:6:      layout_basic, nicolae_overflow_hidden_temple, kennysheep_mini_moat,
          uniq_sigmund, uniq_prince_ribbit1, uniq_edmund, uniq_duvessa
D:7:      layout_basic, kennysheep_mini
D:8:      layout_rooms, old_standard_altar, vehumet_altar_wand_db,
          blue_anna_alchemist [blue_anna_fruit_fields, blue_anna_fruit_fields]
D:9:      layout_basic, nicolae_tso_besieged_by_evil, fedhas_ov_isle_minmay,
          enter_bailey_1, okawaru_humans
D:10:     layout_loops_ring, lair_entry_dummy
D:11:     layout_basic, serial_shops, shop, uniq_grum, uniq_harold
D:12:     layout_irregular_city, david_orc_3, hangedman_glass_teeth,
          lemuel_flamethrower_2, uniq_azrael, uniq_nergalle
D:13:     layout_rooms, grunt_vaults_entry_fortified, uniq_sonja, uniq_erolcha
D:14:     layout_loops_cross, serial_park_square3 [serial_park_minivault_5x5_2],
          minmay_liquid_box, st_stairs_6, uniq_jorgrun
Temple:   nicolae_temple_god_jail

Skill      XL: |  1  2  3  4  5  6  7  8  9 10 11 12 |
---------------+-------------------------------------+-----
Dodging        | 3 4 5 6 7 |  7.4
Shields        | 3 4 5 7 8 9 |  9.0
Unarmed Combat | 3 4 5 7 9 10 12 | 12.4
Fighting       | 3 4 5 |  5.0
Throwing       | 1 |  1.7
Stealth        | 1 2 |  2.2
Invocations    | 1 2 |  2.5
Maces & Flails | 5 8 |  8.2
Armour         | 1 |  1.8
Evocations     | |  0.2

Action                   |  1- 3 |  4- 6 |  7- 9 | 10-12 || total
-------------------------+-------+-------+-------+-------++-------
Melee: Unarmed           |   111 |   114 |   409 |   223 ||   857
       Demon whip        |       |       |       |   570 ||   570
Throw: Boomerang         |       |       |    17 |     7 ||    24
Invok: Heroism           |       |       |       |    23 ||    23
       Finesse           |       |       |       |     3 ||     3
Evoke: Wand              |       |     1 |       |       ||     1
  Use: Scroll            |       |     2 |     6 |    17 ||    25
       Potion            |       |       |       |     1 ||     1
 Stab: Sleeping          |       |       |       |     5 ||     5
       Distracted        |       |       |       |     1 ||     1
  Eat: Chunk             |    20 |     8 |    38 |    55 ||   121
Armor: Robe              |    37 |    48 |   133 |   108 ||   326
       Acid dragon scale |       |       |       |    16 ||    16
       Quicksilver drago |       |       |       |    49 ||    49
Dodge: Dodged            |    32 |    35 |   147 |   187 ||   401
Block: Shield            |    35 |    48 |   183 |   116 ||   382
       Large shield      |       |       |       |   471 ||   471

Table legend:
 A = Non-vault XP
 B = Vault XP
 C = Vault XP percentage of total XP
 D = Non-vault monster count
 E = Vault monster count
 F = Vault count percentage of total count
                 A         B        C        D         E       F
            +---------+---------+-------+---------+---------+-------
      Total |   27763 |    6214 |  18.3 |     306 |      65 |  17.5
            +---------+---------+-------+---------+---------+-------
        D:1 |      38 |       0 |   0.0 |      15 |       0 |   0.0
        D:2 |      46 |       0 |   0.0 |      15 |       0 |   0.0
        D:3 |      78 |      36 |  31.6 |      20 |       1 |   4.8
        D:4 |     432 |     148 |  25.5 |      10 |       5 |  33.3
        D:5 |     229 |      26 |  10.2 |      12 |       6 |  33.3
        D:6 |     801 |     444 |  35.7 |      17 |       3 |  15.0
        D:7 |    1276 |       0 |   0.0 |      34 |       0 |   0.0
        D:8 |    1236 |      94 |   7.1 |      25 |       2 |   7.4
        D:9 |    3980 |     434 |   9.8 |      45 |      11 |  19.6
       D:10 |    4455 |       0 |   0.0 |      40 |       0 |   0.0
       D:11 |    4981 |    1399 |  21.9 |      30 |       4 |  11.8
       D:12 |    1315 |    1371 |  51.0 |      17 |       4 |  19.0
       D:13 |     447 |    1033 |  69.8 |       4 |       1 |  20.0
       D:14 |    8406 |       0 |   0.0 |      21 |       0 |   0.0
     Temple |      43 |       0 |   0.0 |       1 |       0 |   0.0
      Sewer |       0 |    1229 | 100.0 |       0 |      28 | 100.0
            +---------+---------+-------+---------+---------+-------
